 Dungeon Crawl Stone Soup version 0.18.1-48-g4cf74bf (webtiles) character file.

490 Joat the Insei (level 7, -7/47 HPs)
             Began as an Octopode Transmuter on Aug 10, 2016.
             Mangled by a gnoll
             ... wielding a +0 spear
              (8 damage)
             ... on level 4 of the Dungeon.
             The game lasted 00:26:30 (5192 turns).

Joat the Insei (Octopode Transmuter)                Turns: 5192, Time: 00:26:30

Health: -7/47      AC:  1    Str:  9    XL:     7   Next: 14%
Magic:  5/10       EV: 14    Int: 16    God:
Gold:   113        SH:  0    Dex: 14    Spells: 2 memorised, 7 levels left

rFire  . . .     SeeInvis .       - Unarmed
rCold  . . .     Gourm    .     (no shield)
rNeg   . . .     Faith    .     (helmet restricted)
rPois  .         Spirit   .     (no amulet)
rElec  .         Dismiss  .     (no ring)
rCorr  .         Reflect  .     (no ring)
SustAt .         Harm     .     (no ring)
MR     .....                    (no ring)
Stlth  ++........               (no ring)
                                (no ring)
                                (no ring)
                                (no ring)

@: appendage (expiring), very slightly contaminated, not resistant to hostile
enchantments, unstealthy
A: almost no armour, amphibious, 8 rings, constrict 8, tentacle spike 3,
camouflage 1, gelatinous body 1
a: End Transformation


You were on level 4 of the Dungeon.
You were hungry.
One of your tentacles had a temporary spike.
You visited 1 branch of the dungeon, and saw 4 of its levels.

You collected 113 gold pieces.

Inventory:

Missiles
 a - 102 arrows
Magical Staves
 o - an uncursed staff of conjuration
Scrolls
 d - 3 scrolls of identify
 e - 2 scrolls of remove curse
 h - 2 scrolls of fear {unknown}
 i - a scroll of teleportation {unknown}
 j - a scroll of random uselessness {unknown}
 m - a scroll of amnesia {unknown}
 n - 2 scrolls of recharging {unknown}
 p - a scroll of fog {unknown}
 r - 3 scrolls of enchant armour {unknown}
 s - a scroll of magic mapping {unknown}
Potions
 f - a potion of might
 k - 3 potions of curing {unknown}
 q - a potion of brilliance {unknown}
 t - a potion of berserk rage {unknown}
 u - a potion of flight {unknown}
Books
 b - a book of Changes

   Spells                             Type                      Level
   a - Beastly Appendage              Transmutation                1
   b - Sticks to Snakes               Transmutation                2
   c - Spider Form                    Transmutation/Poison         3
   d - Ice Form                       Ice/Transmutation            4
   e - Blade Hands                    Transmutation                5
Comestibles
 c - 3 bread rations
 g - 2 beef jerkies
 l - 4 meat rations


   Skills:
 + Level 3.7 Fighting
 + Level 4.2 Dodging
 * Level 5.7 Unarmed Combat
 - Level 2.0 Spellcasting
 - Level 2.0 Transmutations


You had 7 spell levels left.
You knew the following spells:

 Your Spells              Type           Power        Failure   Level  Hunger
q - Beastly Appendage     Trmt           #.....       10%         1    #......
A - Sticks to Snakes      Trmt           #.......     14%         2    ###....


Dungeon Overview and Level Annotations

Branches:
Dungeon (4/15)
 Temple: D:4-7

Altars:
Elyvilon
Qazlal


Innate Abilities, Weirdness & Mutations

You cannot wear most types of armour.
You are amphibious.
You can wear up to eight rings at the same time.
You can use your tentacles to constrict eight enemies at once.
Your skin changes colour to match your surroundings (Stealth).
Your rubbery body absorbs attacks (AC +1).
One of your tentacles bears a large vicious spike.


Message History

You grab the gnoll.
You tentacle-slap the gnoll, but do no damage.
The gnoll is almost dead.
You constrict the gnoll, but do no damage.
The gnoll hits you with a spear!
* * * LOW HITPOINT WARNING * * *
The gnoll hits you from afar with a spear!
* * * LOW HITPOINT WARNING * * *
You tentacle-slap the gnoll but do no damage.
The gnoll is almost dead.
You constrict the gnoll, but do no damage.
The gnoll misses you. The gnoll barely misses you.
You tentacle-slap the gnoll but do no damage.
The gnoll is almost dead.
You constrict the gnoll.
You kill the gnoll!
You see here a halberd.
Your transformation is almost over.
The gnoll hits you from afar with a spear!
You die...

## #######.##.# #
#.......##.# #####
####......###.# .....
.........## #.# ### .####
####.....# #.###... ##
#.....# #...#.# #.....#
#..(.#
#############.######..###
.....#...)....#.@)g)..#
#.........##....#####....#
#.#######.#..#### ####...#
..# #....)## g## ..#
#...##..# .g ..# #.##
##.##########.# g. .##
#...)).......# . .###.#
######...##### .....#
####....#..#


You could see a gnoll.

Vanquished Creatures
  An ogre (D:4)
  An orc priest (D:4)
  A jelly (D:4)
  A giant frog skeleton (D:4)
  2 iguanas (D:4)
  A worker ant (D:4)
  A hound skeleton (D:4)
  5 gnolls (D:4)
  8 adders
  3 worms
  3 dart slugs
  5 giant geckos
  9 orcs
  6 giant cockroaches
  10 goblins
  3 hobgoblins
  5 jackals
  4 quokkas
  A ball python (D:4)
  8 bats
  11 giant newts
  9 kobolds
  7 rats
105 creatures vanquished.

Vanquished Creatures (collateral kills)
  An adder skeleton (D:4)
1 creature vanquished.

Grand Total: 106 creatures vanquished

Notes
Turn   | Place    | Note
--------------------------------------------------------------
     0 | D:1      | Joat the Octopode Transmuter began the quest for the Orb.
     0 | D:1      | Reached XP level 1. HP: 13/13 MP: 3/3
   163 | D:1      | Reached XP level 2. HP: 14/18 MP: 5/5
   594 | D:1      | Reached XP level 3. HP: 18/23 MP: 6/6
  1082 | D:2      | Found a stormy altar of Qazlal.
  1636 | D:2      | Reached XP level 4. HP: 19/29 MP: 5/7
  2230 | D:2      | Reached skill level 4 in Unarmed Combat
  2606 | D:3      | Found a white marble altar of Elyvilon.
  2735 | D:3      | Learned a level 2 spell: Sticks to Snakes
  2855 | D:3      | Reached XP level 5. HP: 30/34 MP: 6/8
  3326 | D:4      | Noticed an ogre
  3462 | D:4      | Reached XP level 6. HP: 21/41 MP: 7/9
  3470 | D:4      | Reached skill level 5 in Unarmed Combat
  4603 | D:4      | Reached XP level 7. HP: 38/46 MP: 10/10
  5188 | D:4      | HP: 1/46 [gnoll/spear (11)]
  5192 | D:4      | Mangled by a gnoll

Skill      XL: |  1  2  3  4  5  6 |
---------------+-------------------+-----
Dodging        | 3 4 |  4.2
Unarmed Combat | 4 5 |  5.7
Fighting       | 2 3 |  3.7
Spellcasting   | |  2.0
Transmutations | |  2.0

Action                   |  1- 3 |  4- 6 |  7- 9 || total
-------------------------+-------+-------+-------++-------
Melee: Unarmed           |    90 |   159 |    22 ||   271
       Constrict         |    26 |    37 |     5 ||    68
       Tentacles         |    14 |    34 |     4 ||    52
       Punch             |     1 |     6 |     1 ||     8
       Kick              |     1 |    34 |     8 ||    43
 Cast: Beastly Appendage |     1 |    28 |     7 ||    36
       Sticks to Snakes  |       |     4 |     4 ||     8
  Use: Scroll            |       |     2 |       ||     2
 Stab: Sleeping          |     9 |     6 |       ||    15
  Eat: Chunk             |     2 |    10 |     2 ||    14
Armor: Skin              |     9 |    10 |       ||    19
Dodge: Dodged            |    33 |    67 |     7 ||   107
